Selects Special Operations Battlegroup
Construct Medical Station
Construct Weapon Support Center
Selects SSF Commando Squad
Selects M29 Weasel with M1 Pack Howitzer
Improved M9 Bazooka Rockets
Selects Air Re-supply Operation
Selects P-47 Anti-Infantry Loiter
P-47 Anti-Infantry Loiter
M4(105) Sherman Bulldozer
P-47 Anti-Infantry Loiter
M18 Hellcat Tank Destroyer
M18 Hellcat Tank Destroyer
Selects UNKNOWN (2162291)
P-47 Anti-Infantry Loiter
M18 Hellcat Tank Destroyer
P-47 Anti-Infantry Loiter